 Dungeon Crawl Stone Soup version 0.30-a0-778-g2ef04afb54 (webtiles) character file.

Game seed: 340612726265547334

145 Leeroy the Slasher (level 5, -4/26 HPs)
             Began as a Vine Stalker Warper on Feb 16, 2023.
             Slain by a gnoll
             ... wielding a +0 club
             ... led by a gnoll bouda
              (7 damage)
             ... on level 3 of the Dungeon.
             The game lasted 00:01:18 (1635 turns).

Leeroy the Slasher (Vine Stalker Warper)            Turns: 1635, Time: 00:01:19

Health: -4/26      AC:  3    Str: 13    XL:     5   Next: 27%
Magic:  0/9        EV: 11    Int: 13    God:
Gold:   95         SH:  0    Dex: 16    Spells: 8/8 levels left

rFire   . . .      SeeInvis .    a - +0 falchion
rCold   . . .      Faith    .    (no shield)
rNeg    . . .      Spirit   +    b - +0 leather armour
rPois   .          Reflect  .    (no helmet)
rElec   .          Harm     .    (no cloak)
rCorr   .          Rampage  .    (no gloves)
Will    .....                    (no boots)
Stlth   +                        (no amulet)
HPRegen 1.04/turn                (no ring)
MPRegen 0.11/turn                (no ring)

@: no status effects
A: fangs 2, regeneration 1, magic shield, antimagic bite, no potion heal 2
a: no special abilities


You were on level 3 of the Dungeon.
You visited 1 branch of the dungeon, and saw 3 of its levels.

You collected 95 gold pieces.

Inventory:

Hand Weapons
 a - a +0 falchion (weapon)
Missiles
 d - 7 boomerangs of dispersal (quivered)
Armour
 b - a +0 leather armour (worn)
Scrolls
 c - a scroll of blinking
 e - a scroll of enchant armour {unknown}
 g - 2 scrolls of vulnerability {unknown}
 i - 2 scrolls of noise {unknown}
 j - a scroll of immolation {unknown}
 k - 2 scrolls of torment {unknown}
 m - a scroll of enchant weapon {unknown}
 r - a scroll of identify {unknown}
Potions
 f - a potion of attraction {unknown}
 h - a potion of curing {unknown}
 l - a potion of might {unknown}
 n - a potion of resistance {unknown}
 o - a potion of heal wounds {unknown}
 p - a potion of ambrosia {unknown}
 q - a potion of brilliance {unknown}


   Skills:
 - Level 1.7 Fighting
 + Level 4.8 Long Blades
 - Level 0.8 Throwing
 - Level 0.7 Armour
 - Level 1.5 Dodging
 - Level 2.1 Spellcasting
 - Level 3.0 Translocations


You had 8 spell levels left.
You didn't know any spells.
Your spell library contained the following spells:

 Spells                   Type           Power      Damage    Failure   Level
 Blink                    Tloc           18%        N/A       14%         2
 Lesser Beckoning         Tloc           18%        N/A       14%         2
 Teleport Other           Tloc           9%         N/A       28%         3
 Magic Dart               Conj           4%         1d3       32%         1
 Searing Ray              Conj           2%         2d4       43%         2
 Vhi's Electric Charge    Tloc/Air       10%        N/A       45%         3
 Manifold Assault         Tloc           9%         N/A       67%         4
 Fulminant Prism          Conj/Hex       0%         3d5       97%         4


Dungeon Overview and Level Annotations

Branches:
Dungeon (3/15)

Altars:
Kikubaaqudgha
Ru

Shops:
D:1 ?


Innate Abilities, Weirdness & Mutations

You have extremely sharp teeth.
Your natural rate of healing is unusually fast.
When hurt, damage is shared between your health and your magic reserves.
Your bite disrupts and absorbs the magic of your enemies.
Potions cannot restore your health.


Message History

The gnoll bouda is almost dead.
The gnoll bouda hits you with a +0 club!
You hit the gnoll bouda. You bite the gnoll bouda. You drain its power.
You feel invigorated.
The gnoll bouda is almost dead.
The gnoll is no longer moving quickly.
The gnoll bouda hits you with a +0 club.
You hit the gnoll bouda.
You kill the gnoll bouda!
You have reached level 5!
You hit the gnoll.
The gnoll is heavily wounded.
The gnoll hits you with a +0 club.
The rat twitches its whiskers.
You hit the gnoll but do no damage. Your bite misses the gnoll.
The gnoll is heavily wounded.
The gnoll misses you.
You slash the gnoll!
The gnoll is almost dead.
The gnoll hits you with a +0 club.
You hit the gnoll but do no damage.
The gnoll is almost dead.
The gnoll hits you with a +0 club.
* * * LOW HITPOINT WARNING * * *
The gnoll barely misses you.
You hit the gnoll but do no damage.
The gnoll is almost dead.
The gnoll hits you with a +0 club.
* * * LOW HITPOINT WARNING * * *
You hit the gnoll.
You kill the gnoll!
You hit the gnoll. You bite the gnoll, but do no damage.
The gnoll is moderately wounded.
The gnoll hits you but does no damage.
The gnoll hits you from afar with a +0 spear.
* * * LOW HITPOINT WARNING * * *
You hit the gnoll. Your bite misses the gnoll.
The gnoll is heavily wounded.
The gnoll hits you with a +0 club!
You die...

........####...
.......## ....
#.....## ...
##...## ..# ##'##
... #.# #r# #.#
#g# ##.## #g#
##...###########@#
#.....#.......##.#
.#...##.#####.##.#
.##.###.##.......#
...........##.####
#######.#####.#
#.......#
#########


You could see 2 gnolls and a rat.

Vanquished Creatures
  A gnoll bouda (D:3)
  A gnoll (D:3)
  6 adders
  2 dart slugs
  2 bats (D:2)
  6 endoplasms
  2 giant cockroaches
  4 goblins
  4 hobgoblins
  3 jackals (D:3)
  4 kobolds
  3 quokkas
  4 ball pythons
  2 frilled lizards
  3 rats
47 creatures vanquished.

Notes
Turn   | Place    | Note
-------+----------+-------------------------------------------
     0 | D:1      | Leeroy the Vine Stalker Warper began the quest for the Orb.
     0 | D:1      | Reached XP level 1. HP: 11/11 MP: 4/4
    64 | D:1      | Reached skill level 2 in Long Blades
    64 | D:1      | Found a faded altar of an unknown god.
   177 | D:1      | Reached XP level 2. HP: 15/15 MP: 6/6
   194 | D:1      | Found Gidaruf's Magic Scroll Boutique.
   534 | D:2      | Reached skill level 3 in Long Blades
   534 | D:2      | Reached XP level 3. HP: 6/18 MP: 3/7
   847 | D:2      | Gained mutation: Your natural rate of healing is unusually
                  | fast. [Vine Stalker growth]
   847 | D:2      | Reached XP level 4. HP: 23/23 MP: 8/8
  1014 | D:2      | Reached skill level 4 in Long Blades
  1410 | D:3      | Found an ancient bone altar of Kikubaaqudgha.
  1415 | D:3      | Found a sacrificial altar of Ru.
  1628 | D:3      | Reached XP level 5. HP: 12/26 MP: 4/9
  1635 | D:3      | Slain by a gnoll

Illustrated notes

Levels and vault maps discovered:
D:1:      amcnicky_arrival_abandoned_market, layout_rooms, serial_shops, shop,
          hellmonk_ecumenical_altar_arch_garden
D:2:      layout_loops_ring, minivault_14, grunt_ministairs_6
D:3:      layout_loops_corners, grunt_temple_overflow_open

Skill      XL: |  1  2  3  4 |
---------------+-------------+-----
Long Blades    | 2 3 4 |  4.8
Fighting       | |  1.7
Throwing       | |  0.8
Armour         | |  0.7
Dodging        | |  1.5
Spellcasting   | |  2.1
Translocations | |  3.0

Action                     |  1- 3 |  4- 6 || total
---------------------------+-------+-------++-------
  Melee: Falchion          |    67 |    73 ||   140
         Bite              |    18 |    19 ||    37
   Stab: Sleeping          |     1 |     2 ||     3
 Armour: Leather armour    |    10 |    15 ||    25
  Dodge: Dodged            |    40 |    41 ||    81

Table legend: (Time is in decaauts)
 A = Elapsed time spent in this place.
 B = Non-inter-level travel time spent in this place.
 C = Inter-level travel time spent in this place.
 D = Time resting spent in this place.
 E = Time spent auto-exploring this place.
 F = Levels seen in this place.
 G = Mean time per level.
                   A        B        C        D        E       F      G
               +--------+--------+--------+--------+--------+-----+--------+
         Total |   1654 |   1599 |     55 |      0 |   1287 |   3 |  551.3 |
       Dungeon |   1654 |   1599 |     55 |      0 |   1287 |   3 |  551.3 |
               +--------+--------+--------+--------+--------+-----+--------+

Top non-repeatable levels by time:
     D:2: 745 daAuts
     D:1: 512 daAuts
     D:3: 396 daAuts
